TOP OF THE 1ST |
Kane County Cougars batting - Pitching for South Bend Cubs : LHP Jose Carrillo
|
Pitching: LHP Jose Carrillo
|
|
Batting: RHB Dave Vargas
|
0-0: Swinging Strike 0-1: Foul Ball, location: 2F 0-2: Ball 1-2: Fly out, F7 (Flyball, 7LM, EV 88.8 MPH)
|
Batting: RHB Franklin Villanueva
|
0-0: Ball 1-0: SINGLE (Line Drive, 7LS, EV 97.5 MPH)
|
Batting: RHB Matt Maxwell
|
0-0: Ball 1-0: Swinging Strike 1-1: Swinging Strike 1-2: Foul Ball, location: 2F 1-2: Foul Ball, location: 2F 1-2: Ball 2-2: Foul Ball, location: 2F 2-2: Foul Ball, location: 2F 2-2: Foul Ball, location: 2F 2-2: Ball Franklin Villanueva steals 2nd base 3-2: Strikes out swinging
|
Batting: RHB John Pena
|
0-0: Foul Ball, location: 2F 0-1: Fly out, F8 (Flyball, 8LD, EV 101.9 MPH)
|
Top of the 1st over - 0 runs, 1 hit, 0 errors, 1 left on base; Kane County 0 - South Bend 0 |
BOTTOM OF THE 1ST |
South Bend Cubs batting - Pitching for Kane County Cougars : RHP Joey Keim
|
Pitching: RHP Joey Keim
|
|
Batting: RHB Jason Ostrom
|
0-0: Called Strike 0-1: Foul Ball, location: 2F 0-2: Strikes out swinging, 2-3 out at first.
|
Batting: LHB Andy Bordeaux
|
0-0: Ball 1-0: Called Strike 1-1: Called Strike 1-2: Foul Ball, location: 2F 1-2: Strikes out swinging
|
Batting: RHB Mike Savage
|
0-0: Ball 1-0: Ball 2-0: Ball 3-0: Called Strike 3-1: Foul Ball, location: 2F 3-2: Foul Ball, location: 2F 3-2: Base on Balls
|
Batting: LHB Mike DiNardo
|
0-0: Ball 1-0: Ball 2-0: Fielders Choice at 2nd, U4 (Groundball, 4M, EV 81.9 MPH)
|
Bottom of the 1st over - 0 runs, 0 hits, 0 errors, 1 left on base; Kane County 0 - South Bend 0 |
TOP OF THE 2ND |
Kane County Cougars batting - Pitching for South Bend Cubs : LHP Jose Carrillo
|
Batting: RHB Marlon Reda
|
0-0: Called Strike 0-1: Foul Ball, location: 2F 0-2: Foul Ball, location: 2F 0-2: Strikes out looking
|
Batting: RHB Jake Hodge
|
0-0: Called Strike 0-1: Ball 1-1: Ground out U3 (Groundball, 3L, EV 78.1 MPH)
|
Batting: LHB T.J. Duvall
|
0-0: Ball 1-0: Ball 2-0: Foul Ball, location: 2F 2-1: Ground out 6-3 (Groundball, 6, EV 91.2 MPH)
|
Top of the 2nd over - 0 runs, 0 hits, 0 errors, 0 left on base; Kane County 0 - South Bend 0 |
BOTTOM OF THE 2ND |
South Bend Cubs batting - Pitching for Kane County Cougars : RHP Joey Keim
|
Batting: SHB Benoît Morin
|
0-0: Swinging Strike 0-1: Called Strike 0-2: Strikes out swinging
|
Batting: LHB Jim Polson
|
0-0: Foul Ball, location: 2F 0-1: Foul Ball, location: 2F 0-2: Foul Ball, location: 2F 0-2: Ground out 6-3 (Groundball, 56, EV 78.1 MPH)
|
Batting: RHB John Madden
|
0-0: Ball 1-0: Ball 2-0: Called Strike 2-1: Ball 3-1: Swinging Strike 3-2: Base on Balls
|
Batting: SHB Alvaro Andrade
|
0-0: Called Strike 0-1: Ball 1-1: Foul Ball, location: 2F 1-2: Foul Ball, location: 2F 1-2: Strikes out swinging
|
Bottom of the 2nd over - 0 runs, 0 hits, 0 errors, 1 left on base; Kane County 0 - South Bend 0 |
TOP OF THE 3RD |
Kane County Cougars batting - Pitching for South Bend Cubs : LHP Jose Carrillo
|
Pitching: RHP Daniel Sullivan
|
|
Batting: LHB Brian Nielsen
|
0-0: Fly out, F7 (Line Drive, 7D, EV 90.0 MPH)
|
Batting: RHB Jason Rivers
|
0-0: Ball 1-0: Ball 2-0: Called Strike 2-1: Swinging Strike 2-2: Ball 3-2: Base on Balls
|
Batting: RHB Dave Vargas
|
0-0: Ball Wild Pitch! Jason Rivers to second 1-0: Foul Ball, location: 2F 1-1: Fly out, F9 (Line Drive, 9D, EV 89.4 MPH) Runner from 2nd tags up, SAFE at 3rd, no throw by RF
|
Batting: RHB Franklin Villanueva
|
0-0: Ball 1-0: Called Strike 1-1: Ball 2-1: Foul Ball, location: 2F 2-2: Fly out, F4 (Popup, 4, EV 71.9 MPH)
|
Top of the 3rd over - 0 runs, 0 hits, 0 errors, 1 left on base; Kane County 0 - South Bend 0 |
BOTTOM OF THE 3RD |
South Bend Cubs batting - Pitching for Kane County Cougars : RHP Joey Keim
|
Batting: RHB Omar Novoa
|
0-0: Ball 1-0: Ground out 4-3 (Groundball, 4, EV 81.9 MPH)
|
Batting: RHB Jason Ostrom
|
0-0: Called Strike 0-1: Ball 1-1: Ball 2-1: Ball 3-1: Foul Ball, location: 2F 3-2: Reached on error, E4 (Flyball, 34D, EV 81.2 MPH)
|
Batting: LHB Andy Bordeaux
|
0-0: Ball Jason Ostrom steals 2nd base 1-0: Ball 2-0: Called Strike 2-1: Ball 3-1: Swinging Strike 3-2: Foul Ball, location: 2F 3-2: Strikes out looking
|
Batting: RHB Mike Savage
|
0-0: Called Strike 0-1: Ball 1-1: Called Strike 1-2: Ball 2-2: Strikes out swinging
|
Bottom of the 3rd over - 0 runs, 0 hits, 1 error, 1 left on base; Kane County 0 - South Bend 0 |
TOP OF THE 4TH |
Kane County Cougars batting - Pitching for South Bend Cubs : RHP Daniel Sullivan
|
Batting: RHB Matt Maxwell
|
0-0: Ball 1-0: Ball 2-0: Foul Ball, location: 2F 2-1: Fly out, F8 (Flyball, 8LXD, EV 95.0 MPH)
|
Pitching: LHP Andres Lobato
|
|
Batting: RHB John Pena
|
0-0: Ball 1-0: Ground out 4-3 (Groundball, 4M, EV 106.2 MPH)
|
Batting: RHB Marlon Reda
|
0-0: Ball 1-0: Ball 2-0: Ball 3-0: Called Strike 3-1: Called Strike 3-2: Base on Balls
|
Batting: RHB Jake Hodge
|
0-0: Ball 1-0: Fly out, F7 (Flyball, 7, EV 91.2 MPH)
|
Top of the 4th over - 0 runs, 0 hits, 0 errors, 1 left on base; Kane County 0 - South Bend 0 |
BOTTOM OF THE 4TH |
South Bend Cubs batting - Pitching for Kane County Cougars : RHP Joey Keim
|
Pitching: LHP Robert Fuentes
|
|
Batting: LHB Mike DiNardo
|
0-0: Fly out, F4 (Popup, 4M, EV 52.5 MPH)
|
Pitching: RHP Mike Cain
|
|
Batting: SHB Benoît Morin
|
0-0: Ball 1-0: Ball 2-0: Called Strike 2-1: Ball 3-1: Base on Balls
|
Batting: LHB Jim Polson
|
0-0: Called Strike Benoît Morin steals 2nd base 0-1: Ball 1-1: Ground out 6-3 (Groundball, 6, EV 90.6 MPH)
|
Batting: RHB John Madden
|
0-0: Called Strike 0-1: Fly out, F7 (Flyball, 7S, EV 88.1 MPH)
|
Bottom of the 4th over - 0 runs, 0 hits, 0 errors, 1 left on base; Kane County 0 - South Bend 0 |
TOP OF THE 5TH |
Kane County Cougars batting - Pitching for South Bend Cubs : LHP Andres Lobato
|
Batting: LHB T.J. Duvall
|
0-0: Ball 1-0: Ball 2-0: Ball 3-0: Base on Balls
|
Batting: LHB Brian Nielsen
|
0-0: Ball 1-0: Ball 2-0: Called Strike 2-1: Ball 3-1: Fly out, F5 (Popup, 56S, EV 70.6 MPH)
|
Pitching: RHP Eric Allen
|
|
Batting: RHB Jason Rivers
|
0-0: Ball 1-0: Called Strike 1-1: Ball Passed Ball! T.J. Duvall to second 2-1: Swinging Strike 2-2: Ground out 5-3 (Groundball, 56, EV 90.0 MPH)
|
Batting: RHB Dave Vargas
|
0-0: Swinging Strike 0-1: Fly out, F8 (Line Drive, 89M, EV 91.9 MPH)
|
Top of the 5th over - 0 runs, 0 hits, 0 errors, 1 left on base; Kane County 0 - South Bend 0 |
BOTTOM OF THE 5TH |
South Bend Cubs batting - Pitching for Kane County Cougars : RHP Mike Cain
|
Batting: SHB Alvaro Andrade
|
0-0: Called Strike 0-1: Foul Ball, location: 2F 0-2: Ball 1-2: Fly out, F9 (Flyball, 89D, EV 101.2 MPH)
|
Batting: RHB Omar Novoa
|
0-0: Foul Ball, location: 2F 0-1: Ball 1-1: Foul Ball, location: 2F 1-2: Foul Ball, location: 2F 1-2: Reached on error, E5 (Groundball, 56, EV 85.6 MPH)
|
Batting: RHB Jason Ostrom
|
0-0: Ball 1-0: Ball 2-0: Ball 3-0: Base on Balls
|
Batting: LHB Andy Bordeaux
|
0-0: Ball 1-0: Fielders Choice at 2nd, 1-6 (Groundball, 13S, EV 67.5 MPH) Omar Novoa to third
|
Batting: RHB Mike Savage
|
0-0: Ball 1-0: Ball 2-0: Called Strike 2-1: Foul Ball, location: 2F 2-2: Ground out 4-3 (Groundball, 34, EV 84.4 MPH)
|
Bottom of the 5th over - 0 runs, 0 hits, 1 error, 2 left on base; Kane County 0 - South Bend 0 |
TOP OF THE 6TH |
Kane County Cougars batting - Pitching for South Bend Cubs : RHP Eric Allen
|
Batting: RHB Franklin Villanueva
|
0-0: Ball 1-0: Ball 2-0: Ball 3-0: Called Strike 3-1: Base on Balls
|
Batting: RHB Matt Maxwell
|
0-0: Called Strike 0-1: Ball Franklin Villanueva is caught stealing 2nd base 2-4 1-1: Swinging Strike 1-2: Foul Ball, location: 2F 1-2: SINGLE (Groundball, 56D, EV 105.0 MPH)
|
Batting: RHB John Pena
|
0-0: Swinging Strike 0-1: Ball 1-1: Foul Ball, location: 2F 1-2: Ball 2-2: Fly out, F9 (Flyball, 9, EV 91.9 MPH)
|
Batting: RHB Marlon Reda
|
0-0: Foul Ball, location: 2F 0-1: Swinging Strike 0-2: Ball 1-2: Ball 2-2: SINGLE (Flyball, 78S, EV 90.6 MPH) Matt Maxwell to second
|
Batting: RHB Jake Hodge
|
0-0: Called Strike 0-1: Foul Ball, location: 2F 0-2: Ball 1-2: Ball 2-2: Ball 3-2: Strikes out looking
|
Top of the 6th over - 0 runs, 2 hits, 0 errors, 2 left on base; Kane County 0 - South Bend 0 |
BOTTOM OF THE 6TH |
South Bend Cubs batting - Pitching for Kane County Cougars : RHP Mike Cain
|
Batting: LHB Mike DiNardo
|
0-0: Ball 1-0: Called Strike 1-1: Ground out 4-3 (Groundball, 4, EV 91.2 MPH)
|
Batting: SHB Benoît Morin
|
0-0: Hit by Pitch
|
Batting: LHB Jim Polson
|
0-0: Called Strike Benoît Morin steals 2nd base 0-1: Ground out U3 (Groundball, 13, EV 90.0 MPH) Benoît Morin to third
|
Batting: RHB John Madden
|
0-0: Called Strike 0-1: Swinging Strike 0-2: Ball Wild Pitch! Benoît Morin scores 1-2: Strikes out swinging
|
Bottom of the 6th over - 1 run, 0 hits, 0 errors, 0 left on base; Kane County 0 - South Bend 1 |
TOP OF THE 7TH |
Kane County Cougars batting - Pitching for South Bend Cubs : RHP Eric Allen
|
Batting: LHB T.J. Duvall
|
0-0: Ball 1-0: Fly out, F8 (Flyball, 8RM, EV 81.9 MPH)
|
Batting: LHB Brian Nielsen
|
0-0: Ground out 4-3 (Groundball, 4, EV 85.0 MPH)
|
Batting: RHB Jason Rivers
|
0-0: Foul Ball, location: 2F 0-1: Foul Ball, location: 2F 0-2: Ball 1-2: Foul Ball, location: 2F 1-2: Strikes out looking
|
Top of the 7th over - 0 runs, 0 hits, 0 errors, 0 left on base; Kane County 0 - South Bend 1 |
BOTTOM OF THE 7TH |
South Bend Cubs batting - Pitching for Kane County Cougars : RHP Mike Cain
|
Pitching: RHP Rich Garces
|
|
Batting: SHB Alvaro Andrade
|
0-0: Ball 1-0: Reached on error, E8 (Flyball, 78XD, EV 105.0 MPH)
|
Batting: RHB Omar Novoa
|
0-0: Ball 1-0: Swinging Strike 1-1: Ball 2-1: Swinging Strike 2-2: Strikes out swinging
|
Batting: RHB Jason Ostrom
|
0-0: Ground out 4-3 (Groundball, 4, EV 104.4 MPH) Alvaro Andrade to third
|
Batting: LHB Andy Bordeaux
|
0-0: Foul Ball, location: 2F 0-1: Ball 1-1: Called Strike 1-2: Ball 2-2: Foul Ball, location: 2F 2-2: Ball 3-2: Ground out 4-3 (Groundball, 4, EV 81.2 MPH)
|
Bottom of the 7th over - 0 runs, 0 hits, 1 error, 1 left on base; Kane County 0 - South Bend 1 |
TOP OF THE 8TH |
Kane County Cougars batting - Pitching for South Bend Cubs : RHP Eric Allen
|
Batting: RHB Dave Vargas
|
0-0: Ball 1-0: Ball 2-0: Ball 3-0: Base on Balls
|
Batting: RHB Franklin Villanueva
|
0-0: Fielders Choice at 2nd, 5-4 (Groundball, 5L, EV 108.8 MPH)
|
Batting: RHB Matt Maxwell
|
0-0: Ball 1-0: Ball 2-0: Ball 3-0: Called Strike 3-1: Base on Balls Franklin Villanueva to second
|
Batting: RHB John Pena
|
0-0: Ball 1-0: Called Strike 1-1: Swinging Strike 1-2: Fly out, F4 (Line Drive, 4, EV 72.5 MPH)
|
Batting: RHB Marlon Reda
|
0-0: Called Strike 0-1: Called Strike 0-2: Ground out 5-3 (Groundball, 56S, EV 89.4 MPH)
|
Top of the 8th over - 0 runs, 0 hits, 0 errors, 2 left on base; Kane County 0 - South Bend 1 |
BOTTOM OF THE 8TH |
South Bend Cubs batting - Pitching for Kane County Cougars : RHP Rich Garces
|
Batting: RHB Mike Savage
|
0-0: Fly out, F7 (Flyball, 7D, EV 90.0 MPH)
|
Batting: LHB Mike DiNardo
|
0-0: Ball 1-0: SINGLE (Groundball, 56D, EV 101.9 MPH)
|
Batting: SHB Benoît Morin
|
0-0: Foul Ball, location: 2F 0-1: Fielders Choice at 2nd, 5-4 (Groundball, 5S, EV 78.1 MPH)
|
Batting: LHB Jim Polson
|
0-0: Ball Benoît Morin is caught stealing 2nd base 2-6
|
Bottom of the 8th over - 0 runs, 1 hit, 0 errors, 0 left on base; Kane County 0 - South Bend 1 |
TOP OF THE 9TH |
Kane County Cougars batting - Pitching for South Bend Cubs : RHP Eric Allen
|
Batting: RHB Jake Hodge
|
0-0: Ball 1-0: Ball 2-0: Foul Ball, location: 2F 2-1: Ball 3-1: Base on Balls
|
Pitching: LHP Shuan-yan Wu
|
|
Pinch Hitting: RHB Wes Santiago
|
0-0: Called Strike 0-1: Ball 1-1: Swinging Strike 1-2: Ball 2-2: Ball 3-2: Base on Balls Jake Hodge to second
|
Pinch Hitting: RHB Curt Barrett
|
0-0: Ball 1-0: Fly out, F8 (Line Drive, 8LM, EV 91.9 MPH)
|
Batting: RHB Jason Rivers
|
0-0: DOUBLE (Line Drive, 7LM, EV 95.0 MPH) Jake Hodge scores Wes Santiago to third
|
Batting: RHB Dave Vargas
|
0-0: Intentional Walk
|
Batting: RHB Franklin Villanueva
|
0-0: Called Strike 0-1: Fly out, F8 (Flyball, 78D, EV 88.8 MPH) Runner from 3rd tags up, SCORES, throw by CF Jason Rivers to third
|
Batting: RHB Matt Maxwell
|
0-0: Called Strike 0-1: Ball 1-1: Ball 2-1: Swinging Strike 2-2: Fly out, F9 (Flyball, 9LM, EV 89.4 MPH)
|
Top of the 9th over - 2 runs, 1 hit, 0 errors, 2 left on base; Kane County 2 - South Bend 1 |
BOTTOM OF THE 9TH |
South Bend Cubs batting - Pitching for Kane County Cougars : RHP Rich Garces
|
Pitching: RHP Jose Fernandez
|
|
Now at 1B: Curt Barrett
|
|
Now at 2B: Mike Persinger
|
|
Batting: LHB Jim Polson
|
0-0: SINGLE (Groundball, 34D, EV 103.8 MPH)
|
Pinch Hitting: LHB Bill Tardiff
|
0-0: Sac Bunt to 5S - play at first, batter OUT! 5-4 Jim Polson to second
|
Batting: SHB Alvaro Andrade
|
0-0: Swinging Strike 0-1: Called Strike 0-2: Ball 1-2: Strikes out swinging
|
Batting: RHB Omar Novoa
|
0-0: Ball 1-0: Ground out 5-3 (Groundball, 5S, EV 88.8 MPH)
|
Bottom of the 9th over - 0 runs, 1 hit, 0 errors, 1 left on base; Kane County 2 - South Bend 1 |
|